 Dungeon Crawl Stone Soup version 0.32-a0-876-gcfddb08e57 (webtiles) character file.

Game seed: 3531944788360901987

861 testman the Chopper (level 7, -1/64 HPs)
             Began as a Mountain Dwarf Monk on Mar 30, 2024.
             Was a Believer of Nemelex Xobeh.
             Incinerated by a bombardier beetle (5 damage)
             ... with a burning spray
             ... on level 5 of the Dungeon on Apr 1, 2024.
             The game lasted 00:15:34 (4259 turns).

testman the Chopper (Mountain Dwarf Monk)           Turns: 4259, Time: 00:15:34

Health: -1/64      AC:  9    Str: 22    XL:     7   Next: 71%
Magic:  10/10      EV:  9    Int: 13    God:    Nemelex Xobeh [**....]
Gold:   157        SH:  0    Dex: 12    Spells: 6/6 levels left

rFire   . . .        a - +0 hand axe
rCold   . . .        d - orb {light}
rNeg    . . .        i - +0 scale mail "Saseeh" {Int+3}
rPois   .            (no helmet)
rElec   .            (no cloak)
rCorr   .            v - +1 pair of gloves
SInv    .            x - +0 pair of boots
Will    .....        (no amulet) Stlth
                     m - +6 ring of strength
HPRegen 0.30/turn    (no ring)
MPRegen 0.12/turn

%: no passive effects
@: confused, on fire, ambrosia-drunk, glowing
A: runic magic, artefact enchanting
a: Renounce Religion, Draw Escape, Draw Destruction, Draw Summoning


You were on level 5 of the Dungeon.
You worshipped Nemelex Xobeh.
Nemelex Xobeh was pleased with you.
You visited 2 branches of the dungeon, and saw 6 of its levels.

You collected 157 gold pieces.

Inventory:

Hand Weapons
 a - a +0 hand axe (weapon)
Missiles
 f - 4 boomerangs (quivered)
 r - 4 poisoned darts
Armour
 d - an orb of light (worn)
 i - the +0 scale mail "Saseeh" (worn) {Int+3}
   (You found it on level 4 of the Dungeon)

   Int+3:     It affects your intelligence (+3).
 u - a +0 ring mail
 v - a +1 pair of gloves (worn)
 x - a +0 pair of boots (worn)
Jewellery
 m - a +6 ring of strength (left hand)
Scrolls
 b - a scroll of enchant weapon {unknown}
 e - a scroll of blinking {unknown}
 h - a scroll of fear {unknown}
 k - 2 scrolls of enchant armour
 l - a scroll of immolation {unknown}
 o - 4 scrolls of vulnerability
 p - a scroll of revelation
 q - a scroll of amnesia {unknown}
 s - a scroll of poison
 t - a scroll of teleportation
 w - a scroll of summoning {unknown}
Potions
 c - a potion of ambrosia
 j - 3 potions of curing
 n - a potion of might
 z - a potion of heal wounds {unknown}


   Skills:
 + Level 6.9 Fighting
 + Level 7.5 Axes
 - Level 2.2 Dodging
 + Level 4.9 Invocations


You had 6 spell levels left.
You didn't know any spells.
Your spell library contained the following spells:

 Spells                   Type           Power      Damage    Failure   Level
 Lesser Beckoning         Tloc           0%         N/A       52%         2
 Frozen Ramparts          Ice            0%         1d1       75%         3
 Ozocubu's Armour         Ice            0%         N/A       75%         3
 Teleport Other           Tloc           0%         N/A       75%         3
 Maxwell's Portable Pile  Tloc           0%         2d(5-10)  98%         4
 Passage of Golubria      Tloc           0%         N/A       98%         4
 Metabolic Englaciation   Hex/Ice        0%         N/A       100%        5
 Silence                  Hex/Air        0%         N/A       100%        5
 Lehudib's Crystal Spear  Conj/Erth      0%         10d2      100%        8


Dungeon Overview and Level Annotations

Branches:
Dungeon (5/15)             Temple (1/1) D:4

Altars:
Cheibriados
Dithmenos
Elyvilon
Fedhas
Gozag
Hepliaklqana
Kikubaaqudgha
Makhleb
Nemelex Xobeh
Okawaru
Ru
Sif Muna
Trog
Uskayaw
Vehumet
Wu Jian
Xom
Yredelemnul
Zin
The Shining One


Innate Abilities, Weirdness & Mutations

Your spellcasting is much less encumbered by armour.
You can use scrolls of enchantment on lesser artefacts.


Message History

The burning spray misses you.
You hit the bombardier beetle but do no damage.
The bombardier beetle is heavily wounded.
You hit the bombardier beetle.
The bombardier beetle is almost dead.
The bombardier beetle barely misses you.
You hit the bombardier beetle.
The bombardier beetle is almost dead.
The bombardier beetle sprays incendiary fluid at you.
The burning spray hits you.
You are covered in liquid fire!
You hit the bombardier beetle.
The bombardier beetle is almost dead.
The liquid fire burns you!
You hit the bombardier beetle.
You kill the bombardier beetle!
The liquid fire burns you!
You are on fire!
The liquid fire burns you! The liquid fire burns you!
The liquid fire burns you! The liquid fire burns you!
The liquid fire burns you! The liquid fire burns you!
The liquid fire burns you! The liquid fire burns you!
The liquid fire burns you! The liquid fire burns you!
* * * LOW HITPOINT WARNING * * *
The liquid fire burns you!
* * * LOW HITPOINT WARNING * * *
The liquid fire burns you!
* * * LOW HITPOINT WARNING * * *
The liquid fire burns you!
* * * LOW HITPOINT WARNING * * *
You are confused.
You feel invigorated. The liquid fire burns you!
You die...
Your body glows slightly brighter and disappears.

######## .......#. ####
######.#.# ...#
######.#.# ....#
.....#.#.# #######....#
.....#.#.# #..........#
.....#.#.# #....@.....#
.###.#.#.###...$......#
..##.#.#..............#
........................
.#####.####...........##
....##.# #........####
.......# #........#
###.#### #.....[..# .#
#........#


There were no monsters in sight!

Vanquished Creatures
  4 ogres (D:4)
  A phantom (D:5)
  2 bombardier beetles (D:5)
  A hound (D:5)
  A sleepcap (D:4)
  2 iguanas (D:4)
  2 adders (D:2)
  3 gnolls
  2 ufetubi (D:5)
  2 dart slugs
  2 ribbon worms
  6 orcs
  4 ball pythons
  5 bats
  7 endoplasms
  2 giant cockroaches
  10 goblins
  4 hobgoblins
  2 jackals (D:2)
  2 quokkas
  5 frilled lizards
  7 kobolds
  6 rats
82 creatures vanquished.

Vanquished Creatures (collateral kills)
  A steam dragon (D:4)
1 creature vanquished.

Grand Total: 83 creatures vanquished

Notes
Turn   | Place    | Note
-------+----------+-------------------------------------------
     0 | D:1      | testman the Mountain Dwarf Monk began the quest for the
                  | Orb.
     0 | D:1      | Reached XP level 1. HP: 19/19 MP: 1/1
   184 | D:1      | Reached skill level 4 in Axes
   184 | D:1      | Reached XP level 2. HP: 24/26 MP: 2/2
   312 | D:1      | Found a faded altar of an unknown god.
   823 | D:2      | Reached XP level 3. HP: 31/33 MP: 3/3
  1516 | D:2      | Reached skill level 5 in Axes
  1516 | D:2      | Reached XP level 4. HP: 5/41 MP: 4/4
  2330 | D:4      | Found a staircase to the Ecumenical Temple.
  2330 | D:4      | Noticed an ogre
  2336 | D:4      | HP: 2/41 [ogre/+0 giant spiked club (30)]
  2338 | D:4      | Killed an ogre
  2339 | D:4      | Reached skill level 5 in Fighting
  2339 | D:4      | Reached XP level 5. HP: 3/48 MP: 5/5
  2346 | Temple   | Entered the Ecumenical Temple
  2347 | Temple   | Upgraded the game from 0.32-a0-871-ge202e49faa to
                  | 0.32-a0-876-gcfddb08e57
  2352 | Temple   | Became a worshipper of Nemelex Xobeh the Trickster
  2352 | Temple   | Reached * piety under Nemelex Xobeh
  2352 | Temple   | Received a gift from Nemelex Xobeh
  2352 | Temple   | Reached ** piety under Nemelex Xobeh
  2505 | D:4      | Noticed an ogre
  2514 | D:4      | Killed an ogre
  2515 | D:4      | Reached skill level 6 in Axes
  2515 | D:4      | Reached skill level 1 in Invocations
  2515 | D:4      | Reached XP level 6. HP: 20/56 MP: 5/7
  2530 | D:4      | Identified the +0 scale mail "Saseeh" {Int+3}
  2910 | D:4      | Noticed a steam dragon
  3455 | D:4      | Killed a steam dragon
  3456 | D:4      | Reached skill level 7 in Axes
  3456 | D:4      | Reached XP level 7. HP: 37/64 MP: 9/9
  3929 | D:5      | Entered Level 5 of the Dungeon
  4259 | D:5      | Incinerated by a bombardier beetle

Illustrated notes

Levels and vault maps discovered:
D:1:      dpeg_arrival_rooms_b, layout_loops_ring,
          shapermc_ecumenical_altar_mp_ritualfount
D:2:      layout_basic, nrook_mini_vaults, hangedman_decor_lopped, minivault_23,
          dk_noncrumbling_3
D:3:      layout_loops_cross
D:4:      cheibrodos_old_hovel, layout_basic, minmay_temple_entry_junction,
          serial_bayou, serial_bayou_lagoon_a, serial_bayou_pond_a,
          serial_bayou_crossing, serial_bayou_shore_b
D:5:      layout_basic, guppyfry_shop_venom, uniq_sigmund
Temple:   nicolae_temple_bog_church

Skill      XL: |  1  2  3  4  5  6  7 |
---------------+----------------------+-----
Axes           | 4 5 6 7 |  7.5
Fighting       | 4 5 6 |  6.9
Invocations    | 1 3 4 |  4.9
Dodging        | |  2.2

Action                     |  1- 3 |  4- 6 |  7- 9 || total
---------------------------+-------+-------+-------++-------
  Melee: Hand axe          |   104 |   148 |    40 ||   292
  Throw: Boomerang         |       |     3 |     3 ||     6
         Dart              |       |     2 |       ||     2
 Invoke: Draw Destruction  |       |     2 |       ||     2
         Draw Summoning    |       |     1 |       ||     1
    Use: Scroll            |       |     2 |     5 ||     7
         Potion            |       |       |     1 ||     1
   Stab: Distracted        |       |     1 |       ||     1
 Armour: Leather armour    |    59 |     4 |       ||    63
         Robe              |     1 |       |       ||     1
         Ring mail         |       |    29 |       ||    29
         Scale mail        |       |    43 |    28 ||    71
  Dodge: Dodged            |    67 |    65 |    24 ||   156

Table legend: (Time is in decaauts)
 A = Elapsed time spent in this place.
 B = Non-inter-level travel time spent in this place.
 C = Inter-level travel time spent in this place.
 D = Time resting spent in this place.
 E = Time spent auto-exploring this place.
 F = Levels seen in this place.
 G = Mean time per level.
                   A        B        C        D        E       F      G
               +--------+--------+--------+--------+--------+-----+--------+
         Total |   4291 |   4070 |    221 |    369 |   2966 |   6 |  715.2 |
       Dungeon |   4139 |   3924 |    215 |    232 |   2966 |   5 |  827.8 |
        Temple |    152 |    146 |      6 |    137 |      0 |   1 |  152.0 |
               +--------+--------+--------+--------+--------+-----+--------+

Top non-repeatable levels by time:
     D:4: 1494 daAuts
     D:2: 845 daAuts
     D:1: 813 daAuts
     D:3: 670 daAuts
     D:5: 315 daAuts
  Temple: 152 daAuts
